 Dungeon Crawl Stone Soup version 0.25-a0-2-g6559c6c67a (webtiles) character file.

Game seed: 3637443253562738710, levelgen mode: deterministic

2873 Arixos the Charmwright (level 9, -2/46 HPs)
             Began as a Vine Stalker Skald on Oct 14, 2019.
             Was a Believer of Ru.
             Shot with an arrow by a centaur (4 damage)
             ... on level 8 of the Dungeon.
             The game lasted 00:37:34 (7847 turns).

Arixos the Charmwright (Vine Stalker Skald)         Turns: 7847, Time: 00:37:34

Health: -2/46      AC:  6    Str: 16    XL:     9   Next: 76%
Magic:  0/17       EV: 14    Int: 13    God:    Ru [**....]
Gold:   359        SH:  0    Dex: 21    Spells: 9/17 levels left

rFire    . . .     SeeInvis .   e - +0 long sword
rCold    . . .     Gourm    +   (no shield)
rNeg     . . .     Faith    .   b - +0 leather armour
rPois    .         Spirit   +   m - +1 helmet
rElec    .         Reflect  .   (no cloak)
rCorr    .         Harm     .   (no gloves)
MR       +....                  p - +0 pair of boots
Stlth    ++........             A - amulet of the gourmand
HPRegen  0.55/turn              g - +3 ring of dexterity
MPRegen  0.15/turn              c - +3 ring of strength

@: shrouded
A: fangs 3, regeneration 1, magic shield, antimagic bite, no potion heal 3, rot
immunity, unskilled 1
a: Renounce Religion


You were on level 8 of the Dungeon.
You worshipped Ru.
Ru was pleased with you.
You were very full.

You visited 2 branches of the dungeon, and saw 9 of its levels.
You also visited: Sewer.

You collected 359 gold pieces.

Inventory:

Hand Weapons
 e - a +0 long sword (weapon)
Missiles
 k - 47 poisoned darts (quivered)
 n - 2 atropa-tipped darts
 y - 7 curare-tipped darts
Armour
 b - a +0 leather armour (worn)
 m - a +1 helmet (worn)
 p - a +0 pair of boots (worn)
Jewellery
 c - a +3 ring of strength (right hand)
 g - a +3 ring of dexterity (left hand)
 A - an amulet of the gourmand (around neck)
Wands
 x - a wand of acid (7)
 E - a wand of flame (27)
 F - a wand of disintegration (15)
Scrolls
 h - 5 scrolls of identify
 i - 3 scrolls of remove curse
 o - 5 scrolls of teleportation
 q - 2 scrolls of fog {unknown}
 s - a scroll of enchant weapon {unknown}
 v - a scroll of enchant armour {unknown}
 w - a scroll of noise {unknown}
 C - a scroll of amnesia {unknown}
 D - a scroll of random uselessness {unknown}
Potions
 a - 2 potions of brilliance {unknown}
 f - 7 potions of curing {unknown}
 j - 2 potions of berserk rage {unknown}
 l - 3 potions of haste
 r - 4 potions of heal wounds {unknown}
 t - 2 potions of agility {unknown}
 u - a potion of flight {unknown}
 z - a potion of degeneration {unknown}
 B - a potion of lignification {unknown}
Comestibles
 d - 14 rations
 G - a chunk of flesh


   Skills:
 + Level 4.4 Fighting
 + Level 4.4 Long Blades
 - Level 0.6 Armour
 + Level 3.9 Dodging
 + Level 4.8 Spellcasting
 + Level 5.3 Charms
 + Level 4.2 Necromancy
 + Level 4.3 Translocations


You had 9 spell levels left.
You knew the following spells:

 Your Spells              Type           Power        Failure   Level  Hunger
a - Song of Slaying       Chrm           ###.....     4%          2    ##.....
b - Infusion              Chrm           ###.         2%          1    None
r - Regeneration          Chrm/Necr      ###.......   10%         3    ###....
s - Shroud of Golubria    Chrm/Tloc      ###...       4%          2    ##.....

Your spell library contained the following spells:

 Spells                   Type           Power        Failure   Level  Hunger
 Spectral Weapon          Hex/Chrm       ##......     24%         3    ###....
 Poisonous Vapours        Pois/Air       #.....       34%         2    ##.....
 Conjure Flame            Conj/Fire      #.......     56%         3    ###....
 Mephitic Cloud           Conj/Pois/Air  #.......     56%         3    ###....
 Freezing Cloud           Conj/Ice/Air   #.........   100%        6    #######
 Ring of Flames           Chrm/Fire      ##........   100%        7    #######


Dungeon Overview and Level Annotations

Branches:
Dungeon (8/15)             Temple (1/1) D:5           Sewer (visited)
   Lair: D:8-11

Altars:
Ashenzari
Cheibriados
Dithmenos
Elyvilon
Fedhas
Gozag
Hepliaklqana
Kikubaaqudgha
Makhleb
Nemelex Xobeh
Okawaru
Qazlal
Ru
Sif Muna
Trog
Uskayaw
Vehumet
Wu Jian
Xom
Yredelemnul
Zin
The Shining One

Shops:
D:6 *

Annotations:
D:8 Joseph, Psyche


Innate Abilities, Weirdness & Mutations

You have razor-sharp teeth.
Your natural rate of healing is unusually fast.
When hurt, damage is shared between your health and your magic reserves.
Your bite disrupts and absorbs the magic of your enemies.
Potions cannot restore your health.
You are immune to rotting.
You are somewhat unskilled. (-1 Apt)


Message History

Joseph shouts!
The centaur shoots an arrow.
The arrow misses you.
The centaur shoots an arrow.
The arrow closely misses you.
You hear a splash.
Your shroud bends Psyche's attack away.
The centaur shoots an arrow.
The arrow hits you but does no damage.
You hear a splash.
Joseph unwields a +0 quarterstaff.
Joseph wields a +0 hunting sling.
Joseph shoots a sling bullet.
The sling bullet hits you!
* * * LOW HITPOINT WARNING * * *
You hear a splash.
The centaur shoots an arrow.
The arrow hits you!
* * * LOW HITPOINT WARNING * * *
You focus your will and illuminate the centaur in retribution!
You hear a splash.
Psyche completely misses you.
Things that are here:
a sling bullet; 2 arrows The centaur shoots an arrow.
The arrow hits you.
You die...

≈.(...... #....
≈.......##..@..
#.............
#.......<.....
#....(c.......
##...........# #≈≈###
#.###(.......#####≈≈≈#..
#..≈(..@≈...≈≈≈.#≈≈≈≈#..
..##≈.≈≈@(≈≈.≈≈..≈≈≈≈≈≈≈# #
.....≈.≈O≈≈≈≈≈≈≈≈≈≈≈≈≈≈≈###
#..≈≈≈≈≈≈≈≈≈≈≈≈≈≈≈≈≈≈≈≈≈##.
##.#≈≈≈≈(.≈≈≈≈≈≈≈≈≈≈≈≈≈≈#..
#≈≈≈≈#............≈.##..
#≈≈≈≈#.c............#..#
#≈≈≈≈#..................
##≈≈≈#..............≈≈..


You could see Joseph, Psyche, an ogre and 2 centaurs.

Vanquished Creatures
  Sigmund (D:3)
  A water moccasin (D:7)
  A black bear (D:6)
  2 ice beasts
  2 sky beasts (D:7)
  A phantom (D:8)
  4 ogres
  3 big kobolds (Sewer)
  2 bullfrogs (D:8)
  A scorpion (D:5)
  2 crimson imps (D:5)
  4 hounds
  A jelly (D:7)
  2 centaur skeletons
  5 orc wizards
  2 bullfrog skeletons
  Jessica (D:3)
  Natasha (thrice) (D:3)
  3 iguanas
  4 worker ants
  3 hound skeletons
  Robin (D:3)
  3 gnolls (D:2)
  A worker ant zombie (D:7)
  13 adders
  2 oozes
  An adder skeleton (D:5)
  An adder zombie (D:8)
  4 worms
  6 dart slugs
  4 leopard geckos
  29 orcs
  5 giant cockroaches
  19 goblins
  9 hobgoblins
  12 jackals
  3 quokkas
  3 ball pythons (Sewer)
  A ball python skeleton (D:4)
  9 bats
  8 frilled lizards
  16 kobolds
  A leopard gecko skeleton (D:4)
  A quokka skeleton (D:6)
  16 rats
216 creatures vanquished.

Vanquished Creatures (others)
  Grinder (D:6)
  A worker ant (D:7)
2 creatures vanquished.

Grand Total: 218 creatures vanquished

Notes
Turn   | Place    | Note
-------+----------+-------------------------------------------
     0 | D:1      | Arixos the Vine Stalker Skald began the quest for the Orb.
     0 | D:1      | Reached XP level 1. HP: 11/11 MP: 4/4
   513 | D:1      | Reached XP level 2. HP: 11/15 MP: 6/6
   517 | D:1      | Learned a level 2 spell: Shroud of Golubria
   940 | D:1      | Reached XP level 3. HP: 18/18 MP: 7/7
  1198 | D:1      | Learned a level 3 spell: Regeneration
  1863 | D:2      | Gained mutation: Your natural rate of healing is unusually
                  | fast. [Vine Stalker growth]
  1863 | D:2      | Reached XP level 4. HP: 23/23 MP: 8/8
  1933 | D:2      | Found a glowing silver altar of Zin.
  1993 | D:2      | Reached skill level 1 in Translocations
  2103 | D:2      | Reached skill level 1 in Necromancy
  2103 | D:2      | Reached XP level 5. HP: 12/27 MP: 4/10
  2334 | D:3      | Learned a level 2 spell: Song of Slaying
  2362 | D:3      | Noticed Sigmund
  2456 | D:3      | Noticed Robin
  2485 | D:3      | Killed Robin
  2601 | D:3      | Noticed Natasha
  2610 | D:3      | Killed Natasha
  2610 | D:3      | Reached XP level 6. HP: 32/32 MP: 8/11
  2707 | D:3      | Noticed Natasha
  2723 | D:3      | Killed Natasha
  2956 | D:3      | Noticed Jessica
  2970 | D:3      | Killed Jessica
  2990 | D:3      | Found a glowing golden altar of the Shining One.
  3239 | D:3      | Noticed Natasha
  3247 | D:3      | Killed Natasha
  3502 | D:3      | Killed Sigmund
  3502 | D:3      | Reached skill level 4 in Charms
  3502 | D:3      | Reached XP level 7. HP: 10/36 MP: 1/13
  4151 | D:4      | Gained mutation: You have razor-sharp teeth. [Vine Stalker
                  | growth]
  4151 | D:4      | Reached XP level 8. HP: 40/40 MP: 14/14
  4336 | D:4      | Found an opulent altar of Gozag.
  4455 | D:4      | Found an ancient bone altar of Kikubaaqudgha.
  4727 | D:5      | Entered Level 5 of the Dungeon
  4805 | D:5      | Found a glowing drain.
  4826 | Sewer    | Entered a sewer
  5174 | D:5      | Found a staircase to the Ecumenical Temple.
  5197 | Temple   | Entered the Ecumenical Temple
  5303 | Temple   | Became a worshipper of Ru the Awakened
  5844 | D:5      | Reached skill level 5 in Charms
  6374 | D:6      | Noticed Grinder
  6521 | D:6      | Found Ecked's Assorted Antiques.
  6553 | D:6      | Reached XP level 9. HP: 37/45 MP: 6/16
  6760 | D:6      | Gained mutation: You are somewhat unskilled. (-1 Apt) [Ru
                  | sacrifice]
  6760 | D:6      | Reduced skill Charms to level 4
  6760 | D:6      | Reached * piety under Ru
  6760 | D:6      | Reached ** piety under Ru
  6904 | D:6      | Killed Grinder
  7154 | D:7      | Reached skill level 5 in Charms
  7370 | D:7      | Found a shadowy altar of Dithmenos.
  7843 | D:8      | Noticed Psyche
  7846 | D:8      | Noticed Joseph
  7846 | D:8      | HP: 1/46 [centaur/arrow (9)]
  7847 | D:8      | Shot with an arrow by a centaur

Levels and vault maps discovered:
D:1:      moated_graveyard_arrival, layout_basic, st_stairs_13
D:2:      layout_basic, lemuel_round_altar, first_ration
D:3:      wander_river, layout_loops_ring, nicolae_tso_carved_into_rock,
          uniq_natasha, uniq_robin, uniq_jessica, uniq_sigmund
D:4:      cheibrodos_helix_gallery, layout_basic,
          chequers_temple_overflow_statue_of_worship
D:5:      corexii_shack_village, layout_loops_corners, temple_fountains,
          portal_sewer_entry_d
D:6:      layout_loops_ring, serial_shops, nicolae_shop_crystal, uniq_grinder
D:7:      layout_cave_pools, basic_altar
D:8:      layout_cave_pools, lair_entry_dummy, serial_rivers,
          chequers_serial_rivers_marsh, chequers_serial_rivers_room_b,
          chequers_serial_rivers_large_a, chequers_serial_rivers_micro_b,
          basic_altar, uniq_joseph, uniq_psyche
Temple:   dpeg_five_rooms_temple

Skill      XL: |  1  2  3  4  5  6  7  8  9 |
---------------+----------------------------+-----
Fighting       | 2 3 4 4 |  4.4
Long Blades    | 2 3 4 4 |  4.4
Dodging        | 2 3 |  3.9
Translocations | 1 2 3 4 |  4.3
Necromancy     | 1 2 3 4 |  4.2
Spellcasting   | 3 4 |  4.8
Charms         | 4 5 5 |  5.3
Armour         | |  0.6

Action                   |  1- 3 |  4- 6 |  7- 9 || total
-------------------------+-------+-------+-------++-------
Melee: Falchion          |   118 |   203 |    67 ||   388
       Bite              |    30 |    55 |   176 ||   261
       Long sword        |       |       |   306 ||   306
 Cast: Shroud of Golubri |     8 |    28 |    54 ||    90
       Regeneration      |     1 |     7 |    10 ||    18
       Song of Slaying   |       |     2 |     6 ||     8
Invok: Sacrifice Skill   |       |       |     1 ||     1
  Use: Scroll            |       |       |     6 ||     6
 Stab: Sleeping          |     1 |     2 |     1 ||     4
  Eat: Chunk             |     4 |     8 |    30 ||    42
Armor: Leather armour    |    29 |    27 |    99 ||   155
Dodge: Dodged            |    62 |   125 |   260 ||   447
       Rpst.: Falchion   |    20 |    41 |    10 ||    71
       Long sword        |       |       |    65 ||    65

Table legend:
 A = Non-vault XP
 B = Vault XP
 C = Vault XP percentage of total XP
 D = Non-vault monster count
 E = Vault monster count
 F = Vault count percentage of total count
                 A         B        C        D         E       F
            +---------+---------+-------+---------+---------+-------
      Total |    3120 |     985 |  24.0 |     170 |      48 |  22.0
            +---------+---------+-------+---------+---------+-------
        D:1 |      55 |       1 |   1.8 |      29 |       1 |   3.3
        D:2 |     137 |       0 |   0.0 |      28 |       0 |   0.0
        D:3 |     230 |     319 |  58.1 |      35 |      10 |  22.2
        D:4 |     546 |      42 |   7.1 |      22 |       1 |   4.3
        D:5 |     450 |      38 |   7.8 |      21 |      11 |  34.4
        D:6 |     436 |     260 |  37.4 |       9 |       1 |  10.0
        D:7 |     818 |       0 |   0.0 |      18 |       0 |   0.0
        D:8 |     448 |       0 |   0.0 |       8 |       0 |   0.0
      Sewer |       0 |     325 | 100.0 |       0 |      24 | 100.0
            +---------+---------+-------+---------+---------+-------
